 Dungeon Crawl Stone Soup version 0.26-a0-661-g406de6ba63 (webtiles) character file.

Game seed: 10258146530558175354

68 jasper the Chiller (level 4, -1/30 HPs)
             Began as a Demonspawn Ice Elementalist on Oct 8, 2020.
             Slain by a bullfrog skeleton (6 damage)
             ... on level 2 of the Dungeon.
             The game lasted 00:03:06 (2553 turns).

jasper the Chiller (Demonspawn Ice Elementalist)    Turns: 2553, Time: 00:03:06

Health: -1/30      AC:  2    Str:  8    XL:     4   Next: 1%
Magic:  4/7        EV: 12    Int: 18    God:
Gold:   112        SH:  0    Dex: 13    Spells: 3/7 levels left

rFire    . . .     SeeInvis .   (no weapon)
rCold    . . .     Faith    .   (no shield)
rNeg     . . .     Spirit   .   a - +0 robe
rPois    .         Reflect  .   (no helmet)
rElec    .         Harm     .   (no cloak)
rCorr    .         Rampage  .   (no gloves)
MR       .....                  (no boots)
Stlth    ++........             (no amulet)
HPRegen  0.10/turn              (no ring)
MPRegen  0.10/turn              (no ring)

@: mighty, frozen ramparts
A: claws 1
a: no special abilities


You were on level 2 of the Dungeon.
You visited 1 branch of the dungeon, and saw 2 of its levels.

You collected 112 gold pieces.

Inventory:

Hand Weapons
 b - a +0 spear
Missiles
 e - 28 bolts
 g - 86 arrows
 j - 33 stones (quivered)
Armour
 a - a +0 robe (worn)
 k - a +0 leather armour
Wands
 r - a wand of flame (15)
Scrolls
 d - a scroll of remove curse {unknown}
 h - 2 scrolls of identify {unknown}
 i - 4 scrolls of teleportation {unknown}
 n - a scroll of fear {unknown}
 o - a scroll of noise {unknown}
 p - a scroll of enchant weapon {unknown}
 q - 3 scrolls of immolation {unknown}
Potions
 f - a potion of cancellation {unknown}
 l - a potion of ambrosia {unknown}
 m - a potion of degeneration {unknown}


   Skills:
 - Level 1.7 Dodging
 - Level 1.7 Stealth
 - Level 2.0 Spellcasting
 + Level 5.1 Ice Magic


You had 3 spell levels left.
You knew the following spells:

 Your Spells              Type           Power        Failure   Level
a - Freeze                Ice            ###.         2%          1
b - Frozen Ramparts       Ice            ###...       7%          3

Your spell library contained the following spells:

 Spells                   Type           Power        Failure   Level
 Ozocubu's Armour         Ice            ###.....     7%          3
 Hailstorm                Conj/Ice       ##......     54%         4
 Summon Ice Beast         Ice/Summ       ##......     54%         4


Dungeon Overview and Level Annotations

Branches:
Dungeon (2/15)

Altars:
Hepliaklqana
Xom


Innate Abilities, Weirdness & Mutations

You have sharp fingernails.


Message History

The bullfrog skeleton completely resists.
The wall freezes the bullfrog skeleton but do no damage.
The bullfrog skeleton closely misses you.
You scratch the bullfrog skeleton.
The bullfrog skeleton is moderately damaged.
The bullfrog skeleton completely resists.
The wall freezes the bullfrog skeleton but do no damage.
The bullfrog skeleton hits you.
* * * LOW HITPOINT WARNING * * *
The bullfrog skeleton completely resists.
The wall freezes the bullfrog skeleton but do no damage.
The bullfrog skeleton hits you.
* * * LOW HITPOINT WARNING * * *
You take 6 damage, and have 5/30 hp.
It was a potion of might.
You feel very mighty all of a sudden.
The bullfrog skeleton completely resists.
The wall freezes the bullfrog skeleton but do no damage.
The bullfrog skeleton hits you.
You die...

#.##..........###.#######.####
#........####.###.# #.#
####.##..# #...##.# ####.#
#.##..###.#.##.# #....#
#.##..#...#....# #.####
#.##....#####..# #.#
#.##.##..[#...## #.#
........#z#.### #.#
#....##.#.@.# #[# #....
#.##.### #.# #.... #......#
#.# #..).......#.######.#
..#######........# ##########


You could see a bullfrog skeleton.

Vanquished Creatures
  A worker ant (D:2)
  A worm (D:2)
  3 dart slugs (D:1)
  3 leopard geckos
  2 giant cockroaches
  5 goblins (D:1)
  4 hobgoblins (D:2)
  3 bats
  3 frilled lizards
  4 kobolds (D:2)
  4 rats
33 creatures vanquished.

Notes
Turn   | Place    | Note
-------+----------+-------------------------------------------
     0 | D:1      | jasper the Demonspawn Ice Elementalist began the quest for
                  | the Orb.
     0 | D:1      | Reached XP level 1. HP: 13/13 MP: 3/3
   726 | D:1      | Reached skill level 4 in Ice Magic
   734 | D:1      | Gained mutation: You have sharp fingernails. [demonic
                  | ancestry]
   734 | D:1      | Reached XP level 2. HP: 19/19 MP: 3/5
  1484 | D:2      | Reached XP level 3. HP: 13/24 MP: 0/6
  1794 | D:2      | Learned a level 3 spell: Frozen Ramparts
  2065 | D:2      | Reached skill level 5 in Ice Magic
  2216 | D:2      | Found a hazy altar of Hepliaklqana.
  2217 | D:2      | Found a shimmering altar of Xom.
  2218 | D:2      | Noticed a spectral ugly thing
  2444 | D:2      | Reached XP level 4. HP: 29/30 MP: 4/7
  2553 | D:2      | Slain by a bullfrog skeleton

Illustrated notes

Levels and vault maps discovered:
D:1:      ncdulo_watergridlock, layout_basic, minivault_5
D:2:      layout_loops_ring, regret_index_temple_of_mockery,
          lemuel_coloured_pillars_altar, chequers_serial_rivers_small_b

Skill      XL: |  1  2  3 |
---------------+----------+-----
Ice Magic      | 4 5 |  5.1
Dodging        | |  1.7
Stealth        | |  1.7
Spellcasting   | |  2.0

Action                   |  1- 3 |  4- 6 || total
-------------------------+-------+-------++-------
Melee: Spear             |    94 |     6 ||   100
       Unarmed           |       |     2 ||     2
Throw: Stone             |     8 |       ||     8
 Cast: Freeze            |    25 |     1 ||    26
       Frozen Ramparts   |     3 |     1 ||     4
  Use: Potion            |       |     1 ||     1
 Stab: Sleeping          |     8 |       ||     8
Armor: Robe              |    14 |     1 ||    15
Dodge: Dodged            |    50 |     2 ||    52

Table legend: (Time is in decaauts)
 A = Elapsed time spent in this place.
 B = Non-inter-level travel time spent in this place.
 C = Inter-level travel time spent in this place.
 D = Time resting spent in this place.
 E = Time spent auto-exploring this place.
 F = Levels seen in this place.
 G = Mean time per level.
                   A        B        C        D        E       F      G
               +--------+--------+--------+--------+--------+-----+--------+
         Total |   2563 |   2475 |     88 |    679 |   1470 |   2 | 1281.5 |
       Dungeon |   2563 |   2475 |     88 |    679 |   1470 |   2 | 1281.5 |
               +--------+--------+--------+--------+--------+-----+--------+

Top non-repeatable levels by time:
     D:1: 1391 daAuts
     D:2: 1172 daAuts
